 Dungeon Crawl Stone Soup version 0.29-a0-110-g189f89ecda (console) character file.

Game seed: 15649621756585739718

22966 CannotBeFrozen the Thaumaturge (level 12, -12/103 HPs)
             Began as a Demigod Ice Elementalist on Feb 16, 2022.
             Killed from afar by a fire dragon (46 damage)
             ... with a blast of flame
             ... on level 14 of the Dungeon on Feb 17, 2022.
             The game lasted 01:44:15 (17737 turns).

CannotBeFrozen the Thaumaturge (DgIE)              Turns: 17737, Time: 01:44:16

Health: -12/103    AC:  9    Str: 11    XL:     12   Next: 35%
Magic:  26/32      EV: 18    Int: 37    God:
Gold:   615        SH:  0    Dex: 14    Spells: 12/33 levels left

rFire   . . .      SeeInvis +   b - +9 spear {vamp, Str+2 Int-2 SInv}
rCold   . . .      Faith    .   (no shield)
rNeg    . . .      Spirit   .   B - +0 steam dragon scales
rPois   .          Reflect  .   i - +0 helmet
rElec   .          Harm     .   (no cloak)
rCorr   .          Rampage  .   p - +0 pair of gloves
Will    +....                   T - +1 pair of boots
Stlth   ++........              (no amulet)
HPRegen 0.27/turn               d - +6 ring of intelligence
MPRegen 0.23/turn               y - +4 ring of evasion

@: freezing walls
A: high MP 1, forlorn, divine attributes
a: no special abilities


You were on level 14 of the Dungeon.
You visited 1 branch of the dungeon, and saw 13 of its levels.

You collected 867 gold pieces.
You spent 252 gold pieces at shops.

Inventory:

Hand Weapons
 a - a +2 vorpal trident
 b - the +9 spear of the Tiger (weapon) {vamp, Str+2 Int-2 SInv}
   (You found it on level 5 of the Dungeon)

   It occasionally heals its wielder for a portion of the damage dealt when it
   wounds a living foe.
   Str:       It affects your strength (+2).
   Int:       It affects your intelligence (-2).
   SInv:      It lets you see invisible.
 D - a +5 glaive of venom
Missiles
 c - 2 poisoned darts
 r - 510 arrows
 F - 4 curare-tipped darts {=f =F}
 K - a throwing net {=f =F}
Armour
 i - a +0 helmet (worn)
 k - a +0 pair of boots
 p - a +0 pair of gloves (worn)
 v - the +0 robe "Piureob" {rPois Regen+}
   (You found it on level 6 of the Dungeon)

   rPois:     It protects you from poison.
   Regen:     It increases your rate of health regeneration.
 w - a +2 kite shield
 B - +0 steam dragon scales (worn)
 T - a +1 pair of boots (worn)
Jewellery
 d - a +6 ring of intelligence (left hand)
 y - a +4 ring of evasion (right hand)
 J - a ring of magical power
 M - a ring of see invisible
 V - a +4 ring of protection
Wands
 h - a wand of polymorph (10)
 l - a wand of charming (9)
 H - a wand of digging (3)
 I - a wand of iceblast (5)
 O - a wand of flame (10)
 R - a wand of paralysis (5)
Scrolls
 g - a scroll of blinking
 j - 2 scrolls of magic mapping
 m - 2 scrolls of enchant weapon
 n - 2 scrolls of fear
 o - 4 scrolls of teleportation {@r2}
 x - 3 scrolls of summoning
 C - 2 scrolls of amnesia
 G - a scroll of acquirement
 L - 2 scrolls of fog
 N - a scroll of holy word
 P - a scroll of immolation
 Q - a scroll of silence {unknown}
 S - a scroll of enchant armour {unknown}
 U - a scroll of identify {@r1}
Potions
 e - 2 potions of flight
 f - 4 potions of berserk rage
 q - 4 potions of might
 s - 3 potions of lignification
 t - 4 potions of heal wounds {@q2}
 u - 3 potions of mutation
 z - a potion of curing {@q1}
 A - a potion of invisibility
 E - a potion of haste
 W - a potion of magic {unknown}


   Skills:
 + Level 8.4 Fighting
 - Level 2.0 Polearms
 - Level 2.0 Armour
 - Level 5.0 Dodging
 - Level 2.0 Stealth
 + Level 11.3 Spellcasting
 - Level 5.0 Conjurations
 - Level 2.0 Necromancy
 - Level 4.2 Transmutations
 + Level 9.4 Ice Magic
 - Level 4.2 Earth Magic


You had 12 spell levels left.
You knew the following spells:

 Your Spells              Type           Power      Damage    Failure   Level
a - Freeze                Ice            100%       1d11      1%          1
b - Ozocubu's Armour      Ice            74%        N/A       1%          3
c - Frozen Ramparts       Ice            100%       1d12      1%          3
d - Hailstorm             Conj/Ice       65%        3d14      1%          4
e - Searing Ray           Conj           100%       2d8       1%          2
f - Sublimation of Blood  Necr           35%        N/A       1%          2
g - Statue Form           Tmut/Erth      34%        N/A       45%         6

Your spell library contained the following spells:

 Spells                   Type           Power      Damage    Failure   Level
 Magic Dart               Conj           100%       1d8       1%          1
 Static Discharge         Conj/Air       39%        N/A       1%          2
 Wereblood                Tmut           51%        N/A       1%          2
 Dazzling Flash           Conj/Hex       78%        N/A       1%          3
 Petrify                  Tmut/Erth      51%        N/A       3%          4
 Gell's Gravitas          Tloc           20%        N/A       6%          3
 Teleport Other           Tloc           20%        N/A       6%          3
 Fulminant Prism          Conj/Hex       19%        3d11      7%          4
 Iskenderun's Mystic Bla  Conj/Tloc      39%        2d9       7%          4
 Leda's Liquefaction      Hex/Erth       18%        N/A       8%          4
 Irradiate                Conj/Tmut      26%        3d22      8%          5
 Metabolic Englaciation   Hex/Ice        27%        N/A       8%          5
 Lee's Rapid Deconstruct  Erth           25%        3d15*     10%         5
 Lightning Bolt           Conj/Air       19%        1d34      19%         5
 Simulacrum               Ice/Necr       29%        N/A       28%         6
 Starburst                Conj/Fire      19%        6d7       71%         6
 Dispersal                Tloc           10%        N/A       96%         6
 Summon Hydra             Summ           10%        N/A       100%        7
 Maxwell's Capacitive Co  Air            10%        ∞         100%        8


Dungeon Overview and Level Annotations

Branches:
Dungeon (12/15)            Temple (0/1) D:5            Lair (0/6) D:8
    Orc (0/2) D:12

Shops:
D:4 !   D:8 !   D:12 [(   D:14 !

Annotations:
D:1 exclusion: downstairs
D:3 2 transporters, PirateVox's ghost, amateur TeVM
D:11 exclusion: manticore


Innate Abilities, Weirdness & Mutations

You have an increased reservoir of magic. (+10% MP)
You shall have no god before yourself.
Your divine heritage dramatically boosts your attributes as you level up.


Message History

You start resting.
A queen bee is nearby!
Your icy armour and frozen ramparts will break if you move.
Continue? [Y]es or [N]o only, please.
Your icy armour and frozen ramparts will break if you move.
Continue?
Your icy armour cracks and falls away as you move.
The frozen ramparts melt away as you move.
You start resting.
A queen bee is nearby!
You start resting.
Magic restored.
You start resting.
A fire dragon is nearby!
The fire dragon roars deafeningly!
The fire dragon breathes flames at you. The blast of flame hits you!!
* * * LOW HITPOINT WARNING * * *
HP: 37/103 (-32) ====-------- !!!
Casting: Ozocubu's Armour (safe; 1% risk of failure)
Confirm with . or Enter, or press ? or * to list all spells.
Casting: Frozen Ramparts (safe; 1% risk of failure)
Press: ? - help, Dir - look around, f - activate The walls around you are covered in ice.
The fire dragon is frozen!
The wall freezes the fire dragon!
MP: 29/32 (-3)
Casting: Frozen Ramparts (safe; 1% risk of failure)
Confirm with . or Enter, or press ? or * to list all spells.
A film of ice covers your body!
The fire dragon is frozen!
The wall freezes the fire dragon!
The fire dragon breathes flames at you. The blast of flame hits you!!
* * * LOW HITPOINT WARNING * * *
The heat melts your icy armour.
HP: 13/103 (-25) MP: 26/32 (-3) =----------- !!
You feel much better.
The fire dragon is frozen!
The wall freezes the fire dragon!
The fire dragon breathes flames at you. The blast of flame hits you!!!
Your icy armour melts away.
You die...

#.###.#.....##
.#.. .
##.#.........#
## ##y#
#......#.....#
.
##.#†#.#(..###
#.#.#.#...#
#.#)#....##
##.#.#.#..#
#....D...##
####@#.###
#...# #####


You could see a fire dragon (catching breath).

Vanquished Creatures
  Snorg (D:11)
  2 hydras
  Harold (D:10)
  A rakshasa (D:14)
  3 centaur warriors
  A death knight (D:14)
  2 two-headed ogres
  A deep elf pyromancer (D:10)
  2 manticores
  2 cyclopes (D:12)
  Joseph (D:10)
  3 gargoyles
  2 kobold demonologists
  A komodo dragon (D:8)
  An unseen horror (D:12)
  A meliai (D:14)
  2 trolls
  A hornet (D:8)
  A meliai (shapeshifter) (D:8)
  Sigmund (D:8)
  3 wraiths
  A vampire (D:11)
  3 wyverns
  2 water elementals (D:11)
  7 yaks
  A steam dragon (D:8)
  8 vampire mosquitoes
  5 acid dragons
  2 water moccasins
  2 black bears
  12 orc warriors
  2 sky beasts
  2 necrophages
  2 ice beasts
  5 ogres (D:9)
  11 centaurs
  A phantom (D:7)
  3 bullfrogs (D:8)
  5 kobold brigands
  2 gnoll sergeants (D:6)
  3 scorpions
  25 killer bees
  7 wights
  3 howler monkeys
  4 electric eels (D:11)
  A bullfrog zombie (D:6)
  4 centaur zombies
  A jelly (D:8)
  A bullfrog skeleton (D:6)
  3 gnoll shamans (D:9)
  5 orc priests
  A centaur skeleton (D:6)
  2 iguanas
  Natasha (twice) (D:3)
  9 orc wizards
  A howler monkey zombie (D:6)
  7 adders
  20 gnolls
  2 shadow imps
  3 white imps
  An ufetubus (D:4)
  A worm (D:3)
  3 dart slugs
  32 orcs
  13 endoplasms
  4 giant cockroaches
  7 goblins
  13 hobgoblins
  2 jackals (D:4)
  2 quokkas
  12 ball pythons
  A bat (D:2)
  6 frilled lizards
  11 kobolds
  5 rats
326 creatures vanquished.

Vanquished Creatures (others)
  A water elemental (D:14)
  An electric eel (D:14)
  2 fungi (D:9)
  53 plants
57 creatures vanquished.

Grand Total: 383 creatures vanquished

Notes
Turn   | Place    | Note
-------+----------+-------------------------------------------
     0 | D:1      | CannotBeFrozen the Demigod Ice Elementalist began the quest
                  | for the Orb.
     0 | D:1      | Reached XP level 1. HP: 14/14 MP: 5/5
    76 | D:1      | Reached skill level 2 in Spellcasting
   294 | D:1      | Reached XP level 2. HP: 18/20 MP: 4/8
   821 | D:1      | Reached skill level 3 in Spellcasting
  1451 | D:2      | Reached XP level 3. HP: 25/26 MP: 8/10
  1720 | D:2      | Learned a level 3 spell: Ozocubu's Armour
  1724 | D:2      | Learned a level 3 spell: Frozen Ramparts
  2110 | D:2      | Reached XP level 4. HP: 33/33 MP: 9/12
  2118 | D:2      | Reached skill level 4 in Spellcasting
  2726 | D:3      | Noticed PirateVox's ghost (amateur TeVM)
  2739 | D:3      | Found a transporter.
  2780 | D:3      | Found a transporter.
  2837 | D:3      | Noticed Natasha
  2859 | D:3      | Killed Natasha
  3138 | D:3      | Noticed Natasha
  3147 | D:3      | Killed Natasha
  3148 | D:3      | Reached XP level 5. HP: 34/38 MP: 9/14
  3496 | D:4      | Found Gaivauvi's Distillery.
  3545 | D:4      | Reached skill level 5 in Ice Magic
  4168 | D:4      | Bought a potion of heal wounds for 70 gold pieces
  4270 | D:5      | Entered Level 5 of the Dungeon
  4426 | D:5      | Found a staircase to the Ecumenical Temple.
  4709 | D:5      | Identified the +9 spear of the Tiger {vamp, Str+2 Int-2
                  | SInv}
  4734 | D:5      | Noticed a centaur
  4746 | D:5      | Killed a centaur
  4747 | D:5      | Reached XP level 6. HP: 14/46 MP: 9/15
  5074 | D:5      | Reached skill level 1 in Fighting
  5328 | D:5      | Reached XP level 7. HP: 32/56 MP: 13/16
  5559 | D:5      | Learned a level 4 spell: Hailstorm
  5562 | D:5      | Learned a level 2 spell: Searing Ray
  5651 | D:6      | Reached skill level 1 in Conjurations
  6776 | D:6      | Identified the +0 robe "Piureob" {rPois Regen+}
  7112 | D:6      | Reached XP level 8. HP: 58/66 MP: 11/17
  7268 | D:6      | Learned a level 2 spell: Sublimation of Blood
  7912 | D:7      | Reached skill level 5 in Spellcasting
  8265 | D:7      | Reached skill level 1 in Armour
  8971 | D:8      | Noticed Sigmund
  8975 | D:8      | Killed Sigmund
  9063 | D:8      | Upgraded the game from 0.29-a0-103-g37f86683bf to
                  | 0.29-a0-110-g189f89ecda
  9189 | D:8      | Found Vetet's Distillery.
  9209 | D:8      | Bought a potion of curing for 42 gold pieces
  9348 | D:8      | Reached XP level 9. HP: 69/73 MP: 11/20
  9380 | D:8      | Noticed a komodo dragon
  9491 | D:8      | Reached skill level 5 in Fighting
  9580 | D:8      | Noticed a five-headed hydra
  9664 | D:8      | Killed a komodo dragon
  9817 | D:8      | Found a staircase to the Lair.
 10235 | D:8      | Reached skill level 6 in Spellcasting
 10423 | D:8      | Reached skill level 7 in Spellcasting
 10478 | D:8      | Killed a five-headed hydra
 10542 | D:8      | Reached skill level 8 in Spellcasting
 10565 | D:8      | Reached XP level 10. HP: 53/81 MP: 14/26
 10569 | D:8      | Noticed a centaur warrior
 10573 | D:8      | Killed a centaur warrior
 10574 | D:8      | Reached skill level 9 in Spellcasting
 10902 | D:8      | Bought a potion of haste for 140 gold pieces
 10929 | D:9      | Noticed a soul eater
 11178 | D:9      | Identified a scroll of acquirement
 11353 | D:9      | Reached skill level 1 in Polearms
 11502 | D:9      | Reached skill level 10 in Spellcasting
 11509 | D:9      | Learned a level 6 spell: Statue Form
 11823 | D:9      | Reached skill level 1 in Earth Magic
 11859 | D:9      | Reached skill level 1 in Transmutations
 12289 | D:9      | Noticed a centaur warrior
 12310 | D:9      | Killed a centaur warrior
 12841 | D:10     | Entered Level 10 of the Dungeon
 12849 | D:10     | Noticed a deep elf pyromancer
 12859 | D:10     | Killed a deep elf pyromancer
 12860 | D:10     | Reached skill level 5 in Dodging
 12860 | D:10     | Reached XP level 11. HP: 89/89 MP: 20/29
 13106 | D:10     | Noticed Harold
 13118 | D:10     | Killed Harold
 13332 | D:10     | Noticed Joseph
 13352 | D:10     | Killed Joseph
 13981 | D:11     | Noticed Snorg
 14001 | D:11     | Killed Snorg
 14894 | D:11     | Noticed a two-headed ogre
 14899 | D:11     | Killed a two-headed ogre
 16029 | D:12     | Noticed a two-headed ogre
 16121 | D:12     | Killed a two-headed ogre
 16250 | D:12     | Reached skill level 5 in Conjurations
 16309 | D:12     | Found Tacsoi Lipp's Armour Emporium.
 16309 | D:12     | Found a staircase to the Orcish Mines.
 16310 | D:12     | Found Otoffoax's Weapon Emporium.
 16460 | D:12     | Reached XP level 12. HP: 76/100 MP: 1/31
 16857 | D:12     | You fall into a shaft and drop 2 floors!
 16857 | D:14     | Noticed a rakshasa
 16858 | D:14     | Noticed a centaur warrior
 16865 | D:14     | Killed a centaur warrior
 16878 | D:14     | Killed a rakshasa
 16879 | D:14     | Reached skill level 11 in Spellcasting
 17014 | D:14     | Noticed an eight-headed hydra
 17014 | D:14     | Noticed a fire dragon
 17025 | D:14     | Found Varusuymo's Distillery.
 17080 | D:14     | Killed an eight-headed hydra
 17419 | D:14     | Noticed a death knight
 17440 | D:14     | Killed a death knight
 17737 | D:14     | Killed from afar by a fire dragon

Illustrated notes

Levels and vault maps discovered:
D:1:      dpeg_arrival_lava_altar, layout_basic,
          chequers_ecumenical_altar_twisty
D:2:      layout_rooms, basic_altar
D:3:      layout_loops_ring, gammafunk_ghost_stat_death, uniq_natasha
D:4:      layout_basic, nicolae_inconvenience_store
D:5:      layout_loops_ring, minmay_temple_entry_water_ring,
          grunt_decor_clamped, grunt_decor_mini_mirrors
D:6:      layout_loops_corners, nicolae_hepliaklqana_hazy_memory
D:7:      layout_gridville
D:8:      kennysheep_windowed_halls, layout_basic, david_lair_shrubbed,
          serial_shops, shop, sigmund_army
D:9:      kennysheep_seaside_town, layout_gridville, kennysheep_little_box
D:10:     layout_roguey, uniq_harold, uniq_joseph
D:11:     layout_basic, uniq_snorg
D:12:     layout_stronghold, orc_david_3, serial_glass, glass_columns_b,
          glass_columns_a, minmay_misc_feat_cross
D:14:     hangedman_what_comes_after_a, layout_basic, hangedman_decor_opposing,
          serial_corexii_hall, chequers_hall_statues_wall_a,
          corexii_hall_statues_l, serial_shops, shop, serial_park_tiny_pond

Skill      XL: |  1  2  3  4  5  6  7  8  9 10 11 12 |
---------------+-------------------------------------+-----
Spellcasting   | 2 3 4 5 8 10 11 | 11.3
Ice Magic      | 4 5 6 8 9 |  9.4
Dodging        | 2 3 4 5 |  5.0
Stealth        | 2 |  2.0
Fighting       | 2 4 5 6 7 8 |  8.4
Conjurations   | 3 5 |  5.0
Armour         | 2 |  2.0
Necromancy     | 2 |  2.0
Polearms       | 2 |  2.0
Earth Magic    | 2 4 |  4.2
Transmutations | 2 4 |  4.2

Action                   |  1- 3 |  4- 6 |  7- 9 | 10-12 || total
-------------------------+-------+-------+-------+-------++-------
Melee: Unarmed           |     2 |       |       |       ||     2
       Short sword       |     5 |    15 |     8 |       ||    28
       Spear             |       |    16 |    52 |   234 ||   302
       Trident           |       |       |    17 |       ||    17
       Punch             |       |       |     1 |     5 ||     6
Throw: Stone             |     6 |    10 |     2 |       ||    18
       Dart              |       |       |       |     3 ||     3
 Cast: Freeze            |    73 |    88 |    78 |    18 ||   257
       Searing Ray       |       |       |    34 |    25 ||    59
       Ozocubu's Armour  |       |       |    21 |    68 ||    89
       Hailstorm         |       |       |     5 |    42 ||    47
       Frozen Ramparts   |       |       |    13 |    60 ||    73
       Sublimation of Bl |       |       |     8 |       ||     8
Evoke: Wand              |       |       |       |     9 ||     9
  Use: Scroll            |       |    11 |     6 |     4 ||    21
       Potion            |       |       |       |     2 ||     2
 Stab: Sleeping          |       |       |     2 |     1 ||     3
       Paralysed         |       |       |       |     4 ||     4
Armor: Robe              |     2 |    31 |    76 |    59 ||   168
       Leather armour    |    16 |       |       |       ||    16
       Steam dragon scal |       |       |       |    43 ||    43
Dodge: Dodged            |    29 |    76 |   118 |   284 ||   507

Table legend: (Time is in decaauts)
 A = Elapsed time spent in this place.
 B = Non-inter-level travel time spent in this place.
 C = Inter-level travel time spent in this place.
 D = Time resting spent in this place.
 E = Time spent auto-exploring this place.
 F = Levels seen in this place.
 G = Mean time per level.
                   A        B        C        D        E       F      G
               +--------+--------+--------+--------+--------+-----+--------+
         Total |  17819 |  17202 |    617 |   4999 |   7370 |  13 | 1370.7 |
       Dungeon |  17819 |  17202 |    617 |   4999 |   7370 |  13 | 1370.7 |
               +--------+--------+--------+--------+--------+-----+--------+

Top non-repeatable levels by time:
     D:8: 2166 daAuts
    D:11: 2156 daAuts
     D:6: 2064 daAuts
     D:9: 1776 daAuts
     D:1: 1380 daAuts
     D:5: 1288 daAuts
     D:7: 1238 daAuts
    D:10: 1078 daAuts
     D:3: 1041 daAuts
     D:4: 998 daAuts
    D:14: 898 daAuts
     D:2: 894 daAuts
    D:12: 834 daAuts
